 Dungeon Crawl Stone Soup version 0.29.0-4-gdea44cf6ec (webtiles) character file.

Game seed: 11191678166921334551

60 qw the Chopper (level 4, -1/26 HPs)
             Began as a Tengu Warper on Aug 28, 2022.
             Slain by a gnoll
             ... wielding a +0 spear
              (3 damage)
             ... on level 2 of the Dungeon.
             The game lasted 00:00:08 (1352 turns).

qw the Chopper (Tengu Warper)                       Turns: 1352, Time: 00:00:09

Health: -1/26      AC:  5    Str: 13    XL:     4   Next: 6%
Magic:  8/8        EV: 11    Int: 14    God:
Gold:   47         SH:  0    Dex: 13    Spells: 7/7 levels left

rFire   . . .      SeeInvis .   Y - +2 hand axe
rCold   + . .      Faith    .   (no shield)
rNeg    . . .      Spirit   .   f - +0 ring mail
rPois   .          Reflect  .   (helmet restricted)
rElec   .          Harm     .   (no cloak)
rCorr   .          Rampage  .   (no gloves)
Will    .....                   (boots unavailable)
Stlth   +.........              (no amulet)
HPRegen 0.08/turn               k - ring of protection from cold
MPRegen 0.11/turn               (no ring)

@: no status effects
A: beak, talons 3
a: no special abilities


You were on level 2 of the Dungeon.
You visited 1 branch of the dungeon, and saw 2 of its levels.

You collected 47 gold pieces.


Innate Abilities, Weirdness & Mutations

You have a beak for a mouth.
You have claws for feet.


   Skills:
 - Level 2.0 Fighting
 + Level 4.6 Axes
 - Level 1.0 Throwing
 - Level 1.1 Armour
 - Level 2.1 Dodging
 - Level 2.0 Spellcasting
 - Level 2.4 Translocations


You had 7 spell levels left.
You didn't know any spells.
Your spell library contained the following spells:

 Spells                   Type           Power      Damage    Failure   Level
 Blink                    Tloc           16%        N/A       28%         2
 Gell's Gravitas          Tloc           8%         N/A       50%         3
 Lesser Beckoning         Tloc           8%         N/A       50%         3
 Teleport Other           Tloc           8%         N/A       50%         3
 Manifold Assault         Tloc           8%         N/A       99%         5

Inventory:

Hand Weapons
 g - a +0 whip
 Y - a +2 hand axe (weapon)
Armour
 c - a +0 chain mail
 f - a +0 ring mail (worn)
Jewellery
 k - a ring of protection from cold (left hand)
Scrolls
 a - a scroll of identify
Potions
 b - a potion of flight {unknown}
 d - a potion of degeneration {unknown}
 e - a potion of curing {unknown}
 h - a potion of heal wounds {unknown}

Dungeon Overview and Level Annotations

Branches:
Dungeon (2/15)

Altars:


Message History

You see here the +3 spear of the Howling One {flame, Dex+3 SInv Stlth+}.
d - a bubbling grey potion A ball python comes into view.
Found an Everburning Encyclopedia.
The ball python hisses angrily.
Enter note: You slash the ball python!
You kill the ball python!
A quokka comes into view.
You closely miss the quokka. Your kick misses the quokka. You punch the quokka.
The quokka is moderately wounded.
The quokka bites you but does no damage.
The quokka misses you.
You closely miss the quokka.
The quokka is moderately wounded.
The quokka barely misses you.
You hit the quokka.
You kill the quokka!
Found a scroll of blinking.
Found a sling.
You open the door. 3 gnolls come into view.
The gnoll shouts! x2
Enter note: A hobgoblin and a gnoll come into view.
The hobgoblin shouts!
The gnoll shouts!
The gnoll hits you from afar with a +0 spear.
The gnoll misses you. The gnoll hits you with a +0 spear.
The gnoll hits you but does no damage.
There is an open door here.
You hit the gnoll. You peck the gnoll.
The gnoll is moderately wounded.
You closely miss the gnoll.
The gnoll barely misses you. x2; The gnoll hits you with a +0 spear. x2
You hit the gnoll. Your kick misses the gnoll.
The gnoll is moderately wounded.
You barely miss the gnoll.
The gnoll hits you from afar with a +0 spear!
The gnoll barely misses you. The gnoll hits you with a +0 spear.
You die...

#..##########.########
......................
#..##########.########
#..#..........#
#..#.##.#####.#
#..#.##.# #.# ...#.##.#
#.# ##### ...#.##.#
#.###g...#
####.##.#####...@g...+
# #.##:.......##....# #
#.#####.#.#.# gg..#
####.# #....#.# g....#
#..#.## #..###.# .....#
......# #..###.#......#
...#..###.............#
##.#......####.#####...
##.##............


You could see 4 gnolls and a hobgoblin.

Vanquished Creatures
  Jessica (D:2)
  2 dart slugs (D:1)
  3 ball pythons
  2 endoplasms (D:1)
  A giant cockroach (D:2)
  3 goblins (D:1)
  3 hobgoblins (D:1)
  4 jackals (D:1)
  2 kobolds (D:1)
  2 quokkas
  4 rats (D:1)
27 creatures vanquished.

Vanquished Creatures (others)
  A fungus (D:1)
1 creature vanquished.

Grand Total: 28 creatures vanquished

Notes
Turn   | Place    | Note
-------+----------+-------------------------------------------
     0 | D:1      | qw the Tengu Warper began the quest for the Orb.
     0 | D:1      | Reached XP level 1. HP: 12/12 MP: 4/4
     0 | D:1      | 0 ||| qw: Version: 0.1-a-89-g26bdef1
     0 | D:1      | 0 ||| qw: Game counter: 1842
     0 | D:1      | 0 ||| qw: Always use a shield: true
     0 | D:1      | 0 ||| qw: God list: Okawaru
     0 | D:1      | 0 ||| qw: Allow faded altars: false
     0 | D:1      | 0 ||| qw: Do Orc after D:15 true
     0 | D:1      | 0 ||| qw: Do second Lair branch before Depths: true
     0 | D:1      | 0 ||| qw: Lair rune preference: random
     0 | D:1      | 0 ||| qw: Plans: Normal
     0 | D:1      | 0 ||| PLANNING D:1-11
    88 | D:1      | 88 ||| Stepping ~*~*~tactically~*~*~ (stealth).
    90 | D:1      | 90 ||| Stepping ~*~*~tactically~*~*~ (stealth).
    93 | D:1      | 93 ||| Stepping ~*~*~tactically~*~*~ (stealth).
    96 | D:1      | 96 ||| Stepping ~*~*~tactically~*~*~ (stealth).
   100 | D:1      | Reached XP level 2. HP: 17/17 MP: 6/6
   101 | D:1      | Reached skill level 3 in Axes
   438 | D:1      | 438 ||| Stepping ~*~*~tactically~*~*~ (stealth).
   439 | D:1      | 439 ||| Stepping ~*~*~tactically~*~*~ (stealth).
   527 | D:1      | Found a faded altar of an unknown god.
   698 | D:1      | Reached XP level 3. HP: 21/21 MP: 7/7
  1053 | D:1      | 1053 ||| UPGRADING to +0 ring mail.
  1063 | D:1      | 1063 ||| DROPPING +0 leather armour.
  1064 | D:1      | 1064 ||| UPGRADING to ring of protection from cold.
  1065 | D:1      | 1065 ||| READING 2 scrolls labelled DUYCKUDOIPS.
  1066 | D:1      | 1066 ||| READING scroll labelled BUL TIWUGRAARPH.
  1067 | D:1      | 1067 ||| READING scroll labelled OBIUVO UFAH.
  1068 | D:1      | 1068 ||| DROPPING scroll of blinking.
  1094 | D:2      | Identified the +3 spear of the Howling One {flame, Dex+3
                  | SInv Stlth+}
  1111 | D:2      | Reached skill level 4 in Axes
  1129 | D:2      | Noticed Jessica
  1130 | D:2      | 1130 ||| Stepping ~*~*~tactically~*~*~ (hiding).
  1132 | D:2      | 1132 ||| Stepping ~*~*~tactically~*~*~ (hiding).
  1140 | D:2      | Killed Jessica
  1141 | D:2      | Reached XP level 4. HP: 17/26 MP: 8/8
  1253 | D:2      | 1253 ||| READING scroll of enchant weapon.
  1253 | D:2      | 1253 ||| ENCHANTING +1 hand axe.
  1352 | D:2      | HP: 2/26 [gnoll/+0 spear (7)]
  1352 | D:2      | Slain by a gnoll

Levels and vault maps discovered:
D:1:      scummos_arrival_gate, layout_loops_ring, basic_ecumenical_altar,
          dreamdust_mushroom_princess, chequers_serial_rivers_large_b,
          moated_statue, minmay_tromino_mix6
D:2:      layout_basic, uniq_jessica

Skill      XL: |  1  2  3 |
---------------+----------+-----
Axes           | 3 4 |  4.6
Fighting       | |  2.0
Throwing       | |  1.0
Armour         | |  1.1
Dodging        | |  2.1
Spellcasting   | |  2.0
Translocations | |  2.4

Action                   |  1- 3 |  4- 6 || total
-------------------------+-------+-------++-------
Melee: Hand axe          |    51 |     6 ||    57
       Kick              |    12 |       ||    12
       Peck              |     4 |     1 ||     5
       Punch             |       |     1 ||     1
Throw: Boomerang         |     7 |       ||     7
  Use: Scroll            |     3 |     1 ||     4
Armor: Leather armour    |     6 |       ||     6
       Ring mail         |     3 |     2 ||     5
Dodge: Dodged            |    16 |     6 ||    22

Table legend:
 A = Non-vault XP
 B = Vault XP
 C = Vault XP percentage of total XP
 D = Non-vault monster count
 E = Vault monster count
 F = Vault count percentage of total count
                 A         B        C        D         E       F
            +---------+---------+-------+---------+---------+-------
      Total |      47 |      40 |  46.0 |      24 |       3 |  11.1
            +---------+---------+-------+---------+---------+-------
        D:1 |      41 |       3 |   6.8 |      21 |       2 |   8.7
        D:2 |       6 |      37 |  86.0 |       3 |       1 |  25.0
            +---------+---------+-------+---------+---------+-------
